 Dungeon Crawl Stone Soup version 0.30.0-5-g1a98f26d00 (webtiles) character file.

Game seed: 1729484910807646488

27 HakonDoomslayer the Chiller (level 2, -2/24 HPs)
             Began as a Troll Ice Elementalist on May 12, 2023.
             Slain by a scorpion (5 damage)
             ... on level 4 of the Dungeon.
             The game lasted 00:02:38 (537 turns).

HakonDoomslayer the Chiller (Troll Ice Elementalist) Turns: 537, Time: 00:02:38

Health: -2/24      AC:  4    Str: 15    XL:     2   Next: 93%
Magic:  0/3        EV:  9    Int: 11    God:
Gold:   45         SH:  0    Dex: 10    Spells: 2/3 levels left

rFire   . . .        (no weapon)
rCold   . . .        (no shield)
rNeg    . . .        a - +0 robe
rPois   .            (helmet restricted)
rElec   .            (no cloak)
rCorr   .            (gloves unavailable)
SInv    .            (boots unavailable)
Will    .....        (no amulet)
Stlth   +            (no ring)
HPRegen 1.04/turn    (no ring)
MPRegen 0.08/turn

%: no passive effects
@: lethally poisoned (-2 -> -8), very slightly contaminated
A: large, unfitting armour, claws 3, regeneration 1, shaggy fur 1, tough skin 1
a: no special abilities


You were on level 4 of the Dungeon.
You visited 1 branch of the dungeon, and saw 4 of its levels.

You collected 45 gold pieces.

Inventory:

Armour
 a - a +0 robe (worn)
Scrolls
 e - a scroll of enchant weapon {unknown}
Potions
 b - a potion of magic
 d - a potion of heal wounds {unknown}


   Skills:
 * Level 0.2 Fighting
 * Level 0.4 Armour
 * Level 1.6 Dodging
 * Level 1.1 Stealth
 * Level 0.5 Unarmed Combat
 * Level 1.3 Spellcasting
 * Level 3.3 Ice Magic


You had 2 spell levels left.
You knew the following spells:

 Your Spells              Type           Power      Damage    Failure   Level
a - Freeze                Ice            32%        1d5       9%          1

Your spell library contained the following spells:

 Spells                   Type           Power      Damage    Failure   Level
 Frozen Ramparts          Ice            16%        1d3       24%         3
 Ozocubu's Armour         Ice            8%         N/A       24%         3
 Summon Ice Beast         Ice/Summ       4%         N/A       83%         4


Dungeon Overview and Level Annotations

Branches:
Dungeon (4/15)
 Temple: D:4-7

Altars:
Hepliaklqana


Innate Abilities, Weirdness & Mutations

You are too large for most types of armour.
You have claws for hands.
Your natural rate of healing is unusually fast.
You are covered in fur. (AC +1)
You have tough skin. (AC +1)


Message History

A scorpion comes into view.
The scorpion moves out of view.
The endoplasm quivers.
There is an open door here.
Aiming: Freeze (safe; 9% risk of failure)
Press: ? - help, Q - select action Shift-Dir - straight line, f - endoplasm
Aim: an endoplasm You miscast Freeze.
You are very lightly contaminated with residual magic.
Nothing appears to happen.
The endoplasm barely misses you.
Aiming: Freeze (safe; 9% risk of failure)
Press: ? - help, Q - select action Shift-Dir - straight line, f/p - endoplasm
Aim: an endoplasm You miscast Freeze.
Nothing appears to happen.
The endoplasm barely misses you.
Unknown command.
Aiming: Freeze (safe; 9% risk of failure)
Press: ? - help, Q - select action Shift-Dir - straight line, f/p - endoplasm
Aim: an endoplasm You freeze the endoplasm.
The endoplasm is lightly wounded.
The endoplasm freezes you.
You are frozen.
Unknown command.
The scorpion stings you.
You barely miss the scorpion. The scorpion stings you.
You are poisoned.
The scorpion poisons you!
You scratch the scorpion but do no damage.
You feel very sick. The scorpion stings you.
* * * LOW HITPOINT WARNING * * *
You are lethally poisoned!
The scorpion poisons you!
You barely miss the scorpion.
* * * LOW HITPOINT WARNING * * *
You feel very sick. The scorpion stings you.
You die...

#+# ... .. # ♣.♣
# ..# +.._..+
#..# #.♣.♣.#
#..## # #..J..#
#...##
....###s###
#...##
.......@..##
#....
########...##
#.... ##...##
##...
##...#######....
##............#
####.(.....###
####.#### #.#
#.#


You could see a scorpion and an endoplasm.

Vanquished Creatures
  2 worms
  3 ball pythons
  4 endoplasms
  A giant cockroach (D:3)
  A hobgoblin (D:3)
  A kobold (D:3)
  3 bats
  2 frilled lizards (D:1)
  A goblin (D:3)
  2 rats (D:1)
20 creatures vanquished.

Notes
Turn   | Place    | Note
-------+----------+-------------------------------------------
     0 | D:1      | HakonDoomslayer the Troll Ice Elementalist began the quest
                  | for the Orb.
     0 | D:1      | Reached XP level 1. HP: 16/16 MP: 1/1
    47 | D:1      | Reached skill level 3 in Ice Magic
   173 | D:1      | Reached XP level 2. HP: 24/24 MP: 0/2
   485 | D:4      | Identified the +3 leather armour "Vorunoit" {Harm}
   528 | D:4      | Found a hazy altar of Hepliaklqana.
   529 | D:4      | Noticed a scorpion
   537 | D:4      | Slain by a scorpion

Illustrated notes

Levels and vault maps discovered:
D:1:      reono_arrival_forest_river, layout_basic, nicolae_shop_vocational
D:2:      layout_basic, uniq_jessica
D:3:      layout_loops_ring, gammafunk_ghost_mausoleum, minmay_crystal_room,
          minivault_23, uniq_crazy_yiuf_cottage
D:4:      layout_layer_cave, kennysheep_little_box,
          minmay_temple_entry_antechambers, st_stairs_12

Skill      XL: |  1 |
---------------+----+-----
Ice Magic      | 3 |  3.3
Fighting       | |  0.2
Armour         | |  0.4
Dodging        | |  1.6
Stealth        | |  1.1
Unarmed Combat | |  0.5
Spellcasting   | |  1.3

Action                     || total
---------------------------++-------
  Melee: Unarmed           ||    37
         Punch             ||     1
   Cast: Freeze            ||    15
    Use: Scroll            ||     1
   Stab: Sleeping          ||     3
 Armour: Robe              ||     9
  Dodge: Dodged            ||    17
